 Dungeon Crawl Stone Soup version 0.22-a0-224-g8cf3520 (webtiles) character file.

74 Azzok the Skirmisher (level 4, -15/31 HPs)
             Began as a Gargoyle Fighter on Feb 19, 2018.
             Killed by divine providence
             ... invoked by an orc priest
              (16 damage)
             ... on level 3 of the Dungeon.
             The game lasted 00:03:14 (1996 turns).

Azzok the Skirmisher (Gargoyle Fighter)             Turns: 1996, Time: 00:03:15

Health: -15/31     AC: 10    Str: 21    XL:     4   Next: 28%
Magic:  4/4        EV:  9    Int:  8    God:
Gold:   80         SH:  0    Dex:  9    Spells: 3/3 levels left

rFire    . . .     SeeInvis .   i - +1 short sword (elec)
rCold    . . .     Gourm    .   (no shield)
rNeg     + . .     Faith    .   b - +0 scale mail
rPois    ∞         Spirit   .   (no helmet)
rElec    +         Reflect  .   (no cloak)
rCorr    .         Harm     .   (no gloves)
MR       .....                  (no boots)
Stlth    ..........             (no amulet)
HPRegen  0.10/turn              (no ring)
MPRegen  0.09/turn              (no ring)

@: no status effects
A: negative energy resistance 1, electricity resistance, unbreathing,
petrification resistance, rot immunity, AC +3
a: no special abilities


You were on level 3 of the Dungeon.
You were not hungry.

You visited 1 branch of the dungeon, and saw 3 of its levels.

You collected 80 gold pieces.

Inventory:

Hand Weapons
 a - a +0 war axe
 i - a +1 short sword of electrocution (weapon)
Armour
 b - a +0 scale mail (worn)
 c - a +0 shield
Scrolls
 e - a scroll of identify {unknown}
 k - 3 scrolls of teleportation {unknown}
 l - a scroll of enchant weapon {unknown}
 m - a scroll of blinking {unknown}
 n - a scroll of remove curse {unknown}
Potions
 d - a potion of might
 h - 3 potions of brilliance {unknown}
 j - a potion of lignification {unknown}
 o - a potion of haste {unknown}
Comestibles
 f - 5 rations
 g - 3 chunks of flesh


   Skills:
 + Level 5.2 Fighting
 - Level 2.2 Axes
 - Level 3.2 Armour
 - Level 3.2 Shields


You had 3 spell levels left.
You didn't know any spells.

Dungeon Overview and Level Annotations

Branches:
Dungeon (3/15)

Altars:
Ru
Uskayaw


Innate Abilities, Weirdness & Mutations

You are resistant to torment.
Your stone body is resilient. (AC +3)
You are immune to poison.
You resist negative energy. (rN+)
You are resistant to electric shocks. (rElec)
You can survive without breathing.
You are immune to petrification.
You are immune to rotting.


Message History

An orc priest comes into view. It is wielding a flail.
The orc priest shouts!
You puncture the orc! Lightning courses through the orc!
You kill the orc!
The orc priest hits you but does no damage.
Things that are here:
a club; an orc corpse You hit the orc priest but do no damage.
The orc priest invokes the aid of Beogh against you.
Beogh smites you!
The orc priest calls down the wrath of Beogh upon you.
Beogh smites you!
Ouch! That really hurt!
* * * LOW HITPOINT WARNING * * *
You hit the orc priest but do no damage.
The orc priest miscasts a cantrip.
The orc priest invokes the aid of Beogh against you.
Beogh smites you!
Ouch! That really hurt!
You die...

▒▒▒ ▒·· ▒o▒
▒o▒ ▒o▒ ▒@▒
▒·▒ ▒▒·▒▒▒▒▒▒▒
▒········▒
·▒▒·····▒▒·▒
··'·······▒·▒
···▒▒·····▒▒·▒
·> ▒·····▒▒·▒
· ▒·▒▒▒·▒▒·▒


You could see 2 orc priests and an orc.

Vanquished Creatures
  An adder (D:3)
  A worm (D:2)
  2 dart slugs
  A leopard gecko (D:2)
  2 orcs (D:3)
  11 bats
  3 giant cockroaches (D:1)
  7 goblins
  7 hobgoblins (D:1)
  5 jackals (D:1)
  3 kobolds (D:1)
  A quokka (D:2)
  2 frilled lizards (D:1)
  5 rats (D:1)
51 creatures vanquished.

Notes
Turn   | Place    | Note
-------+----------+-------------------------------------------
     0 | D:1      | Azzok the Gargoyle Fighter began the quest for the Orb.
     0 | D:1      | Reached XP level 1. HP: 14/14 MP: 1/1
   119 | D:1      | Reached XP level 2. HP: 18/19 MP: 2/2
   580 | D:1      | Reached skill level 4 in Fighting
   610 | D:1      | Reached XP level 3. HP: 22/24 MP: 3/3
  1205 | D:2      | Found a sacrificial altar of Ru.
  1686 | D:2      | Reached XP level 4. HP: 30/30 MP: 4/4
  1860 | D:2      | Found a hide-covered altar of Uskayaw.
  1940 | D:3      | Reached skill level 5 in Fighting
  1995 | D:3      | HP: 1/31 [orc priest/divine providence (16)]
  1996 | D:3      | Killed from afar by an orc priest

Vault maps used:
D:1:      dpeg_arrival_brainrot, minmay_close_crescents
D:2:      lemuel_coloured_pillars_altar, nicolae_ru_awakened_eye
D:3:      lemuel_round_altar

Skill      XL: |  1  2  3  4 |
---------------+-------------+-----
Axes           | 2 |  2.2
Fighting       | 4 5 |  5.2
Armour         | |  3.2
Shields        | |  3.2

Action                   |  1- 3 |  4- 6 || total
-------------------------+-------+-------++-------
Melee: War axe           |    35 |       ||    35
       Short sword       |    95 |    13 ||   108
  Eat: Chunk             |     3 |     1 ||     4
Armor: Scale mail        |    96 |    11 ||   107
Dodge: Dodged            |    91 |     8 ||    99

Table legend:
 A = Spawn XP
 B = Non-spawn XP
 C = Spawn XP percentage of total XP
 D = Spawn monster count
 E = Non-spawn monster count
 F = Spawn count percentage of total count
 G = Total turns spent on level
                    A         B        C        D         E        F      G
               +---------+---------+-------+---------+---------+-------+---------
         Total |       0 |     106 |   0.0 |       0 |      51 |   0.0 |  1996
               +---------+---------+-------+---------+---------+-------+---------
           D:1 |       0 |      67 |   0.0 |       0 |      39 |   0.0 |  1200
           D:2 |       0 |      17 |   0.0 |       0 |       7 |   0.0 |   694
           D:3 |       0 |      22 |   0.0 |       0 |       5 |   0.0 |   102
               +---------+---------+-------+---------+---------+-------+---------
